 Dungeon Crawl Stone Soup version 0.29-a0-100-g60f898f876 (webtiles) character file.

Game seed: 6000200499986173706

37 innerfire433 the Ducker (level 3, -5/30 HPs)
             Began as a Djinni Monk on Feb 14, 2022.
             Killed by divine providence
             ... invoked by an orc priest
              (9 damage)
             ... on level 2 of the Dungeon.
             The game lasted 00:04:27 (1446 turns).

innerfire433 the Ducker (Djinni Monk)               Turns: 1446, Time: 00:04:28

Health: -5/30      AC:  5    Str: 12    XL:     3   Next: 60%
Gold:   51         EV: 11    Int: 11    God:
                   SH:  0    Dex: 15

rFire   + + .      SeeInvis .   a - +0 mace
rCold   x . .      Faith    .   (no shield)
rNeg    . . .      Spirit   .   d - +0 ring mail
rPois   ∞          Reflect  .   (no helmet)
rElec   .          Harm     .   (no cloak)
rCorr   .          Rampage  .   (no gloves)
Will    .....                   (boots unavailable)
Stlth   +.........              (no amulet)
HPRegen 0.10/turn               (no ring)
MPRegen 0.00/turn               (no ring)

@: flying
A: sickness immunity, fire resistance 2, cold vulnerability 1, float, innate
caster, HP casting, extra vitality 1
a: no special abilities


You were on level 2 of the Dungeon.
You visited 1 branch of the dungeon, and saw 2 of its levels.

You collected 51 gold pieces.

Inventory:

Hand Weapons
 a - a +0 mace (weapon)
 f - a +3 hunting sling of venom
Armour
 b - a +0 robe
 d - a +0 ring mail (worn)
 h - a +0 scale mail
Magical Staves
 g - a staff of conjuration
Scrolls
 c - 2 scrolls of identify
 e - a scroll of blinking
 j - a scroll of fog
 k - 4 scrolls of noise


   Skills:
 - Level 3.0 Fighting
 + Level 2.7 Maces & Flails
 * Level 1.1 Slings
 * Level 3.9 Dodging
 - Level 1.6 Stealth


You had one spell level left.
You knew the following spells:

 Your Spells              Type           Power      Damage    Failure   Level
a - Summon Small Mammal   Summ           0%         N/A       63%         1
Your spell library was empty.

Dungeon Overview and Level Annotations

Branches:
Dungeon (2/15)

Altars:

Shops:
D:2 ?


Innate Abilities, Weirdness & Mutations

You are immune to sickness and miasma.
You are immune to poison.
Your flesh is very heat resistant. (rF++)
You are vulnerable to cold. (rC-)
You float through the air rather than walking.
You learn spells naturally, not from books.
Your magical power is your life essence.
You have superior vitality. (+4 MHP)


Message History

Ouch! That really hurt!
A goblin comes into view. It is wielding a +0 dagger.
Found 16 gold pieces.
The orc priest mumbles some strange prayers to Beogh against you.
Beogh smites you!
* * * LOW HITPOINT WARNING * * *
The kobold throws a stone.
The stone hits you.
* * * LOW HITPOINT WARNING * * *
You aren't carrying any potions.
As you read the scroll labelled XACVOKL TUEFYRGHAE, it crumbles to dust.
It is a scroll of identify.
e - a scroll of blinking The orc hits you but does no damage.
As you read the scroll labelled FERIZESHIT, it crumbles to dust.
The scroll dissolves into smoke.
It was a scroll of fog.
The orc hits you with a +0 dagger.
* * * LOW HITPOINT WARNING * * *
What are your orders? t - Shout!
Orders for allies: a - Attack new target. r - Retreat! s - Stop attacking. g - Guard the area. f - Follow me.
Anything else - Cancel.
Retreat in which direction?
Press: ? - help, Dir - move target, f - you
Okay, then.
As you read the scroll labelled EJOUCA JOHA, it crumbles to dust.
You hear a loud clanging noise!
It was a scroll of noise.
The orc priest miscasts a cantrip.
The orc hits you with a +0 dagger.
* * * LOW HITPOINT WARNING * * *
The goblin barely misses you.
As you read the scroll labelled ZAUH NAUPRIT, it crumbles to dust.
It is a scroll of brand weapon.
Your +3 hunting sling drips with poison.
f - a +3 hunting sling of venom The orc priest invokes the aid of Beogh against you.
Beogh smites you!
You die...

#...#..# #.##..## ##.#......
##..#.(###....## ##.#.####
#..#......###.## ##....#
#####.......### #..###..##†#
#...†....########.#.#......#
#.#####..##.......##.##g####
####..##.......o.....#######
#....<##.§§§§.K#.###.##)....
#.##.###$§§@oo..o...........
# #.# #.§§§go.....#.##.....
..# #.§§§§§.#.#...#######
#### #.......).###.# #
########### #.# # #.# # ..#
# ### # #


You could see an orc priest, 3 orcs, a goblin and a kobold.

Vanquished Creatures
  2 adders (D:2)
  5 endoplasms
  2 hobgoblins
  2 quokkas
  A ball python (D:1)
  3 bats
  A frilled lizard (D:1)
  3 rats
19 creatures vanquished.

Notes
Turn   | Place    | Note
-------+----------+-------------------------------------------
     0 | D:1      | innerfire433 the Djinni Monk began the quest for the Orb.
     0 | D:1      | Reached XP level 1. HP: 20/20 MP: 0/0
   444 | D:1      | Reached XP level 2. HP: 23/25 MP: 0/0
  1083 | D:2      | Reached XP level 3. HP: 30/30 MP: 0/0
  1083 | D:2      | Learned a level 1 spell: Summon Small Mammal
  1086 | D:2      | Reached skill level 1 in Slings
  1280 | D:2      | Found Fiuro's Magic Scroll Boutique.
  1446 | D:2      | Killed from afar by an orc priest

Illustrated notes

Levels and vault maps discovered:
D:1:      scummos_arrival_gate, layout_loops_ring, minmay_misc_feat_tower
D:2:      layout_loops_cross, serial_shops, shop_scrolls, serial_park_tiny_1,
          minmay_misc_feat_ornament

Skill      XL: |  1  2  3 |
---------------+----------+-----
Slings         | 1 |  1.1
Fighting       | |  3.0
Maces & Flails | |  2.7
Dodging        | |  3.9
Stealth        | |  1.6

Action                   || total
-------------------------++-------
Melee: Mace              ||    62
  Use: Scroll            ||     4
 Stab: Sleeping          ||     2
Armor: Ring mail         ||    34
Dodge: Dodged            ||    50

Table legend: (Time is in decaauts)
 A = Elapsed time spent in this place.
 B = Non-inter-level travel time spent in this place.
 C = Inter-level travel time spent in this place.
 D = Time resting spent in this place.
 E = Time spent auto-exploring this place.
 F = Levels seen in this place.
 G = Mean time per level.
                   A        B        C        D        E       F      G
               +--------+--------+--------+--------+--------+-----+--------+
         Total |   1461 |   1434 |     27 |      0 |   1017 |   2 |  730.5 |
       Dungeon |   1461 |   1434 |     27 |      0 |   1017 |   2 |  730.5 |
               +--------+--------+--------+--------+--------+-----+--------+

Top non-repeatable levels by time:
     D:1: 1259 daAuts
     D:2: 202 daAuts
